cohdb
Replays
Latest Replays
All Replays
Popular Replays
Top Player Replays
Match Explorer
How It Works
Community
CoH3 Stats
Reddit
Sign in to upload your games and track your stats! →
Sign in with Steam
Match 39610788
Unlisted
Match 39610788
Overview
Messages
Build Orders
End
Construct Infanterie Kompanie
Selects Luftwaffe Battlegroup
Selects Luftwaffe Pioneer Support
Fallschirmpioneer Squad Paradrop
MG 42 Machine Gun Team
Fallschirmpioneer Squad Paradrop
Infanterie Officer Quarters
Construct Panzergrenadier Kompanie
Medical Bunker
Selects Reconnaissance Run
Reconnaissance Run
251 Medium Carrier
Pak 40 Anti-tank Gun Team
Panzergrenadier Officer Quarters
Support Elements
insane
Ciallo~
TNT
爱玩原农锤的素食女权主义跨性别黑人男同
CALL-ME-HAN
Hentai_Senpai
Roberto
狗可爱哈
0
0
Comments
sign in to comment!
No comments posted yet!